cohdb
Replays
Latest Replays
All Replays
Popular Replays
Top Player Replays
Match Explorer
How It Works
Community
CoH3 Stats
Reddit
Sign in to upload your games and track your stats! →
Sign in with Steam
Match 40554811
Unlisted
Match 40554811
Overview
Messages
Build Orders
End
Construct Barracks
Selects Heavy Weapons
Riflemen Squad
Riflemen Squad
Riflemen Squad
Riflemen Squad
Selects Assault Carriers
Mechanized Support Center
Engineer Squad
Construct Motor Pool
Selects Exchangeable Parts
M8 Greyhound Armored Car
M1918 Browning Automatic Rifles
M8 Greyhound Armored Car
Designate Forward Repair Station
Ranger
lojkin
MZMZ
jerjawe
Biggus dickus
Eric
Plops
PandaNOD
0
0
Comments
sign in to comment!
No comments posted yet!